 Dungeon Crawl Stone Soup version 0.19-a0-1072-g3763c35 (webtiles) character file.

159 Jmtri7 the Nimble (level 5, -2/25 HPs)
             Began as a Spriggan Gladiator on Aug 5, 2016.
             Slain by an orc
             ... wielding a +0 falchion
              (3 damage)
             ... on level 3 of the Dungeon.
             The game lasted 00:03:52 (1707 turns).

Jmtri7 the Nimble (Spriggan Gladiator)              Turns: 1707, Time: 00:03:52

Health: -2/25      AC:  2    Str: 11    XL:     5   Next: 17%
Magic:  6/6        EV: 25    Int:  9    God:
Gold:   96         SH:  0    Dex: 18    Spells: 0 memorised, 4 levels left

rFire  . . .     SeeInvis +     a - +0 long sword
rCold  . . .     Gourm    .     b - +0 robe
rNeg   . . .     Faith    .     (shield currently unavailable)
rPois  .         Spirit   .     c - +0 hat
rElec  .         Dismiss  .     (no cloak)
rCorr  .         Reflect  .     (gloves unavailable)
SustAt .         Harm     .     (boots unavailable)
MR     .....                    (no amulet)
Stlth  ++........               (no ring)
                                (no ring)

@: very quick
A: unfitting armour, see invisible, herbivore 3, speed 3, slow metabolism 2
a: no special abilities


You were on level 3 of the Dungeon.
You were not hungry.

You visited 1 branch of the dungeon, and saw 3 of its levels.

You collected 96 gold pieces.

Inventory:

Hand Weapons
 a - a +0 long sword (weapon)
Missiles
 d - 3 throwing nets (quivered)
Armour
 b - a +0 robe (worn)
 c - a +0 hat (worn)
Wands
 n - a wand of lightning (8/15)
Scrolls
 e - a scroll of magic mapping {unknown}
 i - 3 scrolls of immolation {unknown}
 j - 2 scrolls of identify {unknown}
 k - a scroll of remove curse {unknown}
 m - 2 scrolls of teleportation {unknown}
 o - 2 scrolls of amnesia {unknown}
 p - a scroll of fear {unknown}
 q - a scroll of enchant armour {unknown}
Potions
 g - a potion of agility {unknown}
 l - 2 potions of lignification {unknown}
 r - a potion of cancellation {unknown}
Comestibles
 f - 3 bread rations
 h - a slice of pizza


   Skills:
 - Level 1.5 Fighting
 - Level 2.4 Long Blades
 - Level 2.0 Throwing
 + Level 8.6 Dodging


You had 4 spell levels left.
You didn't know any spells.

Dungeon Overview and Level Annotations

Branches:
Dungeon (3/15)

Altars:
Fedhas
Okawaru
Qazlal
Trog
Yredelemnul


Innate Abilities, Weirdness & Mutations

You are tiny and cannot use many weapons and most armour.
You have supernaturally acute eyesight. (SInv)
You are a herbivore.
You cover ground extremely quickly.
You need consume almost no food.


Message History

The orc is severely wounded.
The orc closely misses you.
You hit the orc but do no damage.
The orc is severely wounded.
The orc barely misses you.
You hit the orc.
You kill the orc!
You hit the orc.
The orc is moderately wounded.
The orc hits you with a falchion.
* * * LOW HITPOINT WARNING * * *
The orc hits you with a falchion.
* * * LOW HITPOINT WARNING * * *
You closely miss the orc.
The orc is moderately wounded.
The orc barely misses you.
You hit the orc.
The orc is heavily wounded.
The orc hits you with a falchion.
You die...

##### ###. #... .....
##.########
#########..#.......
#...@o.)..>..#####..
#.##########........
#(#.....o........... #.
#.#.................
..#####.#................#
.....#.#.................
#...#.#................#
#...#.#......#########..
####.....#.#.... .#


You could see an orc.

Vanquished Creatures
  A water moccasin zombie (D:3)
  A howler monkey (D:3)
  An adder (D:2)
  2 dart slugs
  4 orcs (D:3)
  2 giant cockroaches
  4 goblins
  4 hobgoblins
  3 quokkas
  2 ball pythons
  12 bats
  3 giant newts
  4 kobolds
  7 rats
50 creatures vanquished.

Notes
Turn   | Place    | Note
-------+----------+-------------------------------------------
     0 | D:1      | Jmtri7 the Spriggan Gladiator began the quest for the Orb.
     0 | D:1      | Reached XP level 1. HP: 10/10 MP: 2/2
   120 | D:1      | Reached skill level 5 in Dodging
   143 | D:1      | Reached XP level 2. HP: 14/14 MP: 3/3
   763 | D:2      | Reached skill level 6 in Dodging
   805 | D:2      | Reached XP level 3. HP: 14/18 MP: 4/4
  1024 | D:2      | Found a basalt altar of Yredelemnul.
  1249 | D:3      | Reached skill level 7 in Dodging
  1249 | D:3      | Reached XP level 4. HP: 11/22 MP: 5/5
  1258 | D:3      | Reached skill level 8 in Dodging
  1258 | D:3      | Reached XP level 5. HP: 5/25 MP: 6/6
  1503 | D:3      | Found an iron altar of Okawaru.
  1535 | D:3      | Found a stormy altar of Qazlal.
  1535 | D:3      | Found a blossoming altar of Fedhas.
  1535 | D:3      | Found a bloodstained altar of Trog.
  1705 | D:3      | HP: 1/25 [orc/falchion (1)]
  1707 | D:3      | Slain by an orc

Vault maps used:
D:1:      dpeg_arrival_stone_temple_mockup
D:2:      lemuel_doored_altar, first_bread
D:3:      marbit_many_paths, grunt_temple_overflow_open,
          serial_co_window_serial, co_window_paths_a, co_window_paths_b,
          co_window_cross_1, co_window_paths_a, co_window_paths_a,
          co_window_broadway_a, co_window_2corner, co_window_broadway_b,
          co_window_broadway_c, co_window_of_opportunity_b, co_window_corner_cb,
          glass_columns_b, glass_columns_b, nemelex_lonely_heart_becter

Skill      XL: |  1  2  3  4 |
---------------+-------------+-----
Dodging        | 5 6 7 8 |  8.6
Fighting       | |  1.5
Long Blades    | |  2.4
Throwing       | |  2.0

Action                   |  1- 3 |  4- 6 || total
-------------------------+-------+-------++-------
Melee: Long sword        |   129 |    36 ||   165
 Stab: Sleeping          |     1 |       ||     1
Armor: Robe              |     7 |       ||     7
Dodge: Dodged            |   100 |    22 ||   122
